 Dungeon Crawl Stone Soup version 0.24.0-123-gd5b16e6ec5 (webtiles) character file.

Game seed: 11049999135061025797, levelgen mode: deterministic

219 Notrik the Skirmisher (level 5, -2/53 HPs)
             Began as a Hill Orc Fighter on Feb 9, 2020.
             Slain by an orc
             ... wielding a +0 mace
              (5 damage)
             ... on level 4 of the Dungeon.
             The game lasted 00:04:16 (2647 turns).

Notrik the Skirmisher (Hill Orc Fighter)            Turns: 2647, Time: 00:04:16

Health: -2/53      AC: 13    Str: 20    XL:     5   Next: 96%
Magic:  5/5        EV:  7    Int:  8    God:
Gold:   135        SH:  9    Dex: 10    Spells: 4/4 levels left

rFire    . . .     SeeInvis .   f - +2 dagger (protect)
rCold    . . .     Gourm    .   c - +0 shield
rNeg     . . .     Faith    .   b - +0 scale mail
rPois    .         Spirit   .   (no helmet)
rElec    .         Reflect  .   (no cloak)
rCorr    +         Harm     .   (no gloves)
MR       .....                  (no boots)
Stlth    ..........             (no amulet)
HPRegen  0.17/turn              k - ring of resist corrosion
MPRegen  0.09/turn              (no ring)

@: protection aura
A: no striking features
a: no special abilities


You were on level 4 of the Dungeon.
You were hungry.

You visited 1 branch of the dungeon, and saw 4 of its levels.

You collected 135 gold pieces.

Inventory:

Hand Weapons
 a - a +0 war axe
 f - a +2 dagger of protection (weapon)
   (You took it off a kobold on level 2 of the Dungeon)
Armour
 b - a +0 scale mail (worn)
 c - a +0 shield (worn)
Jewellery
 k - a ring of resist corrosion (left hand)
   (You found it on level 1 of the Dungeon)
 r - a +3 ring of intelligence {unknown}
   (You found it on level 2 of the Dungeon)
Scrolls
 h - 2 scrolls of amnesia {unknown}
 j - 2 scrolls of teleportation {unknown}
 l - 2 scrolls of blinking {unknown}
 n - 2 scrolls of enchant weapon {unknown}
 o - 3 scrolls of remove curse {unknown}
 p - a scroll of random uselessness {unknown}
 q - a scroll of fear {unknown}
Potions
 d - a potion of might
 m - 2 potions of curing {@q1}
 s - a potion of mutation {!q}
 u - a potion of haste {@q3}
 v - a potion of agility
Comestibles
 e - 6 rations {!d}


   Skills:
 * Level 7.7 Fighting
 - Level 2.6 Axes
 - Level 3.2 Armour
 - Level 3.2 Shields


You had 4 spell levels left.
You didn't know any spells.
Your spell library was empty.

Dungeon Overview and Level Annotations

Branches:
Dungeon (4/15)
 Temple: D:4-7

Altars:
Wu Jian


Message History

* * * LOW HITPOINT WARNING * * *
You hit the orc priest but do no damage.
You block the orc's attack.
The orc priest shouts, "Surrender to Beogh and we'll let you live!"
The orc priest hits you but does no damage.
You block the orc's attack.
You hit the orc priest. The orc hits you but does no damage.
The orc priest mumbles some strange prayers to Beogh against you.
Pain shoots through your body!
* * * LOW HITPOINT WARNING * * *
You block the orc's attack.
You hit the orc priest.
You kill the orc priest!
You block the orc's attack. The orc barely misses you.
The orc hits you with a +0 dagger.
* * * LOW HITPOINT WARNING * * *
You hit the leopard gecko skeleton but do no damage.
You block the leopard gecko skeleton's attack.
The orc hits you with a +0 mace!
* * * LOW HITPOINT WARNING * * *
The orc hits you but does no damage.
You hit the leopard gecko skeleton.
The leopard gecko skeleton barely misses you.
The orc hits you but does no damage. x2
Unknown command.
You barely miss the leopard gecko skeleton.
The leopard gecko skeleton barely misses you.
The orc hits you but does no damage.
You hit the leopard gecko skeleton.
Your weapon exudes an aura of protection.
You destroy the leopard gecko skeleton!
You block the orc's attack. The orc hits you but does no damage.
You block the orc's attack. The orc hits you with a +0 mace.
* * * LOW HITPOINT WARNING * * *
You closely miss the orc. The orc hits you but does no damage.
You hit the orc but do no damage.
Your weapon exudes an aura of protection.
The orc hits you but does no damage. You block the orc's attack.
You hit the orc. The orc hits you but does no damage. x2
You closely miss the orc. You block the orc's attack. x2
Your shield and scale mail prevent you from hitting the orc.
The orc hits you but does no damage. You block the orc's attack.
You closely miss the orc. You block the orc's attack.
The orc hits you but does no damage.
You hit the orc but do no damage. The orc hits you but does no damage. x2
Your shield and scale mail prevent you from hitting the orc.
The orc hits you with a +0 dagger.
* * * LOW HITPOINT WARNING * * *
The orc hits you with a +0 mace.
You die...

..# ..# #.#####..
#.......o
##......oo
#######..#
##.......########
.......)###o....#
.#####.)...@....#
##.....o....#
#..........##
#.......[..#
##..........#
#...........#
#.#.........#
##.##........#
#.###........#


You could see 2 orcs.

Vanquished Creatures
  An orc priest (D:4)
  An orc wizard (D:4)
  7 adders
  3 gnolls (D:3)
  An ooze (D:3)
  A worm (D:3)
  2 dart slugs
  A leopard gecko (D:1)
  An orc (D:3)
  A ball python (D:2)
  5 giant cockroaches
  6 goblins
  10 hobgoblins
  A quokka (D:3)
  2 bats
  2 frilled lizards (D:1)
  12 kobolds
  A leopard gecko skeleton (D:4)
  4 rats
62 creatures vanquished.

Notes
Turn   | Place    | Note
-------+----------+-------------------------------------------
     0 | D:1      | Notrik the Hill Orc Fighter began the quest for the Orb.
     0 | D:1      | Reached XP level 1. HP: 19/19 MP: 1/1
   219 | D:1      | Reached skill level 4 in Fighting
   282 | D:1      | Reached XP level 2. HP: 24/28 MP: 2/2
   788 | D:2      | Reached skill level 5 in Fighting
   788 | D:2      | Reached XP level 3. HP: 23/36 MP: 3/3
  1273 | D:2      | Reached XP level 4. HP: 41/44 MP: 4/4
  1385 | D:2      | Reached skill level 6 in Fighting
  1405 | D:2      | Found an ornate altar of the Wu Jian Council.
  1693 | D:2      | Found a faded altar of an unknown god.
  1896 | D:3      | Reached XP level 5. HP: 43/51 MP: 5/5
  2071 | D:3      | Reached skill level 7 in Fighting
  2615 | D:4      | HP: 1/52 [orc priest/+0 falchion (2)]
  2647 | D:4      | Slain by an orc

Levels and vault maps discovered:
D:1:      minmay_arrival_plants_in_alcoves, layout_basic, columned_hall_lemuel,
          minivault_26
D:2:      layout_basic, lemuel_crystal_altar, chequers_ecumenical_altar_grove
D:3:      layout_loops_ring, first_ration, grunt_decor_clamped
D:4:      layout_cave_pods

Skill      XL: |  1  2  3  4  5 |
---------------+----------------+-----
Fighting       | 4 5 6 7 |  7.7
Axes           | |  2.6
Armour         | |  3.2
Shields        | |  3.2

Action                   |  1- 3 |  4- 6 || total
-------------------------+-------+-------++-------
Melee: War axe           |    68 |       ||    68
       Dagger            |    20 |   192 ||   212
  Use: Scroll            |       |     6 ||     6
       Potion            |       |     2 ||     2
  Eat: Ration            |     1 |       ||     1
       Chunk             |       |     2 ||     2
Armor: Scale mail        |    43 |   101 ||   144
Dodge: Dodged            |    29 |    47 ||    76
Block: Shield            |    44 |   101 ||   145
